 Dungeon Crawl Stone Soup version 0.32-a0-868-g153ae1a8d6 (webtiles) character file.

Game seed: 15998383069844814382

33 Xavori the Trooper (level 3, 24/24 HPs)
             Began as a Djinni Chaos Knight on Mar 28, 2024.
             Was a Plaything of Xom.
             Quit the game on level 1 of the Dungeon.
             The game lasted 00:01:06 (8681 turns).

Xavori the Trooper (Djinni Chaos Knight)            Turns: 8681, Time: 00:01:07

Health: 24/24      AC:  5    Str: 11    XL:     3   Next: 47%
Gold:   94         EV: 11    Int: 13    God:    Xom [*.....] SH:  0 Dex: 14

rFire   + + .        a - +0 falchion (chaos)
rCold   x . .        (no shield)
rNeg    . . .        b - +2 leather armour
rPois   ∞            (no helmet)
rElec   +            (no cloak)
rCorr   .            (no gloves)
SInv    .            (boots unavailable)
Will    .....        (no amulet)
Stlth   +            (no ring)
HPRegen 0.24/turn    (no ring)
MPRegen 0.00/turn

%: no passive effects
@: flying
A: sickness immunity, fire resistance 2, cold vulnerability 1, float, innate
caster, HP casting, extra vitality 1, frail 2, electricity resistance,
teleportitis 1, devolution 1
a: Renounce Religion


You were on level 1 of the Dungeon.
You worshipped Xom.
You were a special plaything of Xom.
You visited 1 branch of the dungeon, and saw 2 of its levels.

You collected 94 gold pieces.

Inventory:

Hand Weapons
 a - a +0 falchion of chaos (weapon)
Armour
 b - a +2 leather armour (worn)
Scrolls
 c - a scroll of butterflies
 e - a scroll of teleportation {unknown}
Potions
 d - a potion of curing {unknown}
 f - a potion of mutation {unknown}


   Skills:
 + Level 3.2 Fighting
 + Level 2.9 Long Blades
 + Level 1.4 Armour
 + Level 2.5 Dodging
 * Level 1.1 Spellcasting
 * Level 1.1 Conjurations
 * Level 1.1 Hexes
   Level 0.0 Charms
 * Level 1.1 Summonings
 * Level 1.1 Necromancy
 * Level 1.1 Translocations
   Level 0.0 Transmutations
 * Level 1.1 Fire Magic
 * Level 1.1 Ice Magic
 * Level 1.1 Air Magic
 * Level 1.1 Earth Magic
 * Level 1.1 Alchemy


You knew the following spells:

 Your Spells              Type           Power      Damage    Failure   Level
a - Slow                  Hex            12%        N/A       24%         1
Your spell library was empty.

Dungeon Overview and Level Annotations

Branches:
Dungeon (2/15)

Altars:
Xom


Innate Abilities, Weirdness & Mutations

You are immune to sickness and miasma.
You are immune to poison.
Your flesh is very heat resistant. (rF++)
You are vulnerable to cold. (rC-)
You float through the air rather than walking.
You learn spells naturally, not from books.
Your magical power is your life essence.
You have superior vitality. (+4 MHP)
You are very frail. (-20% HP)
You are resistant to electric shocks. (rElec)
You are occasionally teleported next to monsters.
You have hidden genetic defects.


Message History

You start waiting.
Done waiting.
You start waiting.
Done waiting.
You start waiting.
Xom is getting BORED.
You start waiting.
Xom is getting BORED.
You start waiting.
Xom is getting BORED.
You start waiting.
Xom is getting BORED.
You start waiting.
You are now a BORING thing.
You start waiting. "You need some minor improvements, mortal!"
Your body is suffused with distortional energy.
You feel clever. x2
You are now a special plaything of Xom.
You start waiting.
You hear Xom's maniacal laughter.
There are monsters nearby!
The shadow imp hits you.
You fly downwards.
There is a stone staircase leading up here.
You start resting.
HP restored.
You start waiting.
Done waiting.
You start waiting. "You need some minor improvements, mortal!"
Your body is suffused with distortional energy.
You feel frail.
You feel stupid.
You fly upwards.
There is a stone staircase leading down here.
Are you sure you want to abandon this character and quit the game? (Confirm with "yes".)
Okay, then.
Unknown command.
Unknown command.
Unknown command.
Are you sure you want to abandon this character and quit the game? (Confirm with "yes".)

..#.....#.# #.....##.#.#.#......#
.##.....#.# ##.......#...#......#
###....##.####......._..##......#
##.###..#...##..#..__...#########
#.###........#..#.......#
.###...##....#..........#
.......##....+.#..#.....#
.###...#.....###.##.....#
#.###..#.##### #@##.....#
##.###...# ####.....#####
###.....## #.........# .##.....#
#####.....# ..#..#### #.....#
....## #.....# ..### #####.# ###
#.# #.#


There were no monsters in sight!

Vanquished Creatures
  2 dart slugs (D:1)
  3 ball pythons
  A bat (D:1)
  6 endoplasms (D:1)
  5 goblins
  A hobgoblin (D:1)
  2 kobolds (D:1)
  2 quokkas (D:1)
  A frilled lizard (D:1)
23 creatures vanquished.

Notes
Turn   | Place    | Note
-------+----------+-------------------------------------------
     0 | D:1      | Xavori the Djinni Chaos Knight began the quest for the Orb.
     0 | D:1      | Reached XP level 1. HP: 20/20 MP: 0/0
   112 | D:1      | Reached XP level 2. HP: 25/25 MP: 0/0
   115 | D:1      | XOM: potion effect (haste)
   309 | D:1      | Reached XP level 3. HP: 19/30 MP: 0/0
   309 | D:1      | Learned a level 1 spell: Slow
   368 | D:1      | Reached skill level 1 in Spellcasting
   368 | D:1      | Reached skill level 1 in Conjurations
   368 | D:1      | Reached skill level 1 in Hexes
   368 | D:1      | Reached skill level 1 in Summonings
   368 | D:1      | Reached skill level 1 in Necromancy
   368 | D:1      | Reached skill level 1 in Translocations
   368 | D:1      | Reached skill level 1 in Fire Magic
   368 | D:1      | Reached skill level 1 in Ice Magic
   368 | D:1      | Reached skill level 1 in Air Magic
   368 | D:1      | Reached skill level 1 in Earth Magic
   368 | D:1      | Reached skill level 1 in Alchemy
   926 | D:1      | XOM: silly message
  1068 | D:1      | XOM: silly message
  1243 | D:1      | XOM: silly message
  1810 | D:1      | XOM: summons 2 hostile demons
  1915 | D:1      | XOM is BORED!
  2656 | D:1      | XOM: scenery: summon butterflies
  3763 | D:1      | XOM: give mutations
  3763 | D:1      | Gained mutation: You have hidden genetic defects. [Xom's
                  | mischief]
  3763 | D:1      | Lost mutation: You have hidden genetic defects. [Xom's
                  | mischief]
  3763 | D:1      | Gained mutation: You are dopey. (Int -2) [Xom's mischief]
  4650 | D:1      | XOM: give mutations
  4650 | D:1      | Gained mutation: You are agile. (Dex +4, Str/Int -1) [Xom's
                  | mischief]
  4650 | D:1      | Lost mutation: You are agile. (Dex +4, Str/Int -1) [Xom's
                  | mischief]
  4650 | D:1      | Gained mutation: You are occasionally teleported next to
                  | monsters. [Xom's mischief]
  5586 | D:1      | XOM: silly message
  5635 | D:1      | XOM is BORED!
  6619 | D:1      | XOM: summons 3 hostile shadow creatures
  6901 | D:1      | XOM: give mutations
  6901 | D:1      | Gained mutation: You have hidden genetic defects. [Xom's
                  | mischief]
  6901 | D:1      | Gained mutation: You are frail. (-10% HP) [Xom's mischief]
  6901 | D:1      | Gained mutation: You are resistant to electric shocks.
                  | (rElec) [Xom's mischief]
  6966 | D:1      | XOM: smoke on damage
  6966 | D:1      | XOM: torment (15/27 hp)
  7812 | D:1      | XOM: scenery: create altars
  7832 | D:1      | XOM is BORED!
  7832 | D:1      | XOM: noise
  7846 | D:1      | XOM: divination: detect creatures
  7940 | D:1      | XOM: cloud trail
  8482 | D:1      | XOM is BORED!
  8482 | D:1      | XOM: give mutations
  8482 | D:1      | Lost mutation: You are dopey. (Int -2) [Xom's mischief]
  8482 | D:1      | Gained mutation: Your mind is acute. (Int +4, Str/Dex -1)
                  | [Xom's mischief]
  8525 | D:1      | XOM: summons 2 hostile demons
  8678 | D:2      | XOM: give mutations
  8678 | D:2      | Gained mutation: You are very frail. (-20% HP) [Xom's
                  | mischief]
  8678 | D:2      | Lost mutation: Your mind is acute. (Int +4, Str/Dex -1)
                  | [Xom's mischief]
  8681 | D:1      | Quit the game

Illustrated notes

Levels and vault maps discovered:
D:1:      roderic_crossed_star, layout_basic, roderic_serpentine_path
D:2:      layout_basic, hellmonk_ecumenical_altar_arch_garden,
          chequers_mini_garden

Skill      XL: |  1  2  3 |
---------------+----------+-----
Spellcasting   | 1 |  1.1
Conjurations   | 1 |  1.1
Hexes          | 1 |  1.1
Summonings     | 1 |  1.1
Necromancy     | 1 |  1.1
Translocations | 1 |  1.1
Fire Magic     | 1 |  1.1
Ice Magic      | 1 |  1.1
Air Magic      | 1 |  1.1
Earth Magic    | 1 |  1.1
Alchemy        | 1 |  1.1
Fighting       | |  3.2
Long Blades    | |  2.9
Armour         | |  1.4
Dodging        | |  2.5

Action                     || total
---------------------------++-------
  Melee: Falchion          ||    76
   Stab: Petrifying        ||     1
         Petrified         ||     1
         Sleeping          ||     1
 Armour: Leather armour    ||    40
  Dodge: Dodged            ||    34

Table legend: (Time is in decaauts)
 A = Elapsed time spent in this place.
 B = Non-inter-level travel time spent in this place.
 C = Inter-level travel time spent in this place.
 D = Time resting spent in this place.
 E = Time spent auto-exploring this place.
 F = Levels seen in this place.
 G = Mean time per level.
                   A        B        C        D        E       F      G
               +--------+--------+--------+--------+--------+-----+--------+
         Total |   8677 |   8577 |    100 |   7915 |    480 |   2 | 4338.5 |
       Dungeon |   8677 |   8577 |    100 |   7915 |    480 |   2 | 4338.5 |
               +--------+--------+--------+--------+--------+-----+--------+

Top non-repeatable levels by time:
     D:1: 8454 daAuts
     D:2: 222 daAuts
